 Dungeon Crawl Stone Soup version 0.31-a0-4-gefa6de2278 (webtiles) character file.

Game seed: 7664956808489657448

25415 2FriedEggs the Black Belt (level 12, -6/95 HPs)
             Began as a Demonspawn Artificer on May 4, 2023.
             Killed from afar by an acid blob (11 damage)
             ... with a splash of acid
             ... on level 5 of the Pits of Slime.
             The game lasted 00:53:49 (16606 turns).

2FriedEggs the Black Belt (Demonspawn Artificer)   Turns: 16606, Time: 00:53:49

Health: -6/95      AC: 21    Str: 16      XL:     12   Next: 89%
Magic:  10/10      EV:  7    Int:  6 (8)  God:
Gold:   751        SH: 29    Dex: 24      Spells: 11/11 levels left

rFire   + +          .
                       - Unarmed
rCold   . . .        M - +10 tower shield of Ignorance {rN+ Int-4}
rNeg    + + +        q - +3 plate armour of Xemanex {Dex+8}
rPois   +            (helmet restricted)
rElec   +            Y - +2 cloak
rCorr   +            T - +1 pair of gloves of Buojegg {rF+ rN++}
SInv    .            O - +2 pair of boots
Will    .....        A - amulet of magic regeneration Stlth
                     U - +5 ring of evasion
HPRegen 0.35/turn    b - ring of poison resistance
MPRegen 0.52/turn

%: no passive effects
@: resistant, marked, corroded
A: antennae 2, powered by death 1, spiny 1, sharp scales 2, deterioration 1, low
MP 1, cold vulnerability 1
a: no special abilities


You were on level 5 of the Pits of Slime.
You visited 4 branches of the dungeon, and saw 21 of its levels.
You also visited: Bailey.

You collected 751 gold pieces.

Inventory:

Hand Weapons
 C - a +2 short sword of venom
Missiles
 i - a throwing net
 S - a curare-tipped dart
Armour
 l - a +0 kite shield
 p - a scarf of shadows
 q - the +3 plate armour of Xemanex (worn) {Dex+8}
   (You found it on level 7 of the Dungeon)

   Dex:       It affects your dexterity (+8).
 M - the +10 tower shield of Ignorance (worn) {rN+ Int-4}
   (You found it in a bailey)

   Int:       It affects your intelligence (-4).
   rN:        It protects you from negative energy.
 O - a +2 pair of boots (worn)
 T - the +1 pair of gloves of Buojegg (worn) {rF+ rN++}
   (You found it in a bailey)

   rF:        It protects you from fire.
   rN:        It greatly protects you from negative energy.
 V - the +0 leather armour of Patterns {Regen+ Str+4}
   (You found it in a bailey)

   Str:       It affects your strength (+4).
   Regen:     It increases your rate of health regeneration.
 Y - a +2 cloak (worn)
Jewellery
 a - an amulet of faith
 b - a ring of poison resistance (right hand)
 e - a +5 ring of evasion
 u - a +4 ring of protection
 y - a ring of ice
 A - an amulet of magic regeneration (around neck)
 B - a +6 ring of intelligence
 N - a ring of magical power
 U - a +5 ring of evasion (left hand)
 W - an amulet of regeneration
 X - a ring of positive energy
Wands
 c - a wand of flame (5) (quivered)
 d - a wand of charming (11)
 j - a wand of roots (13)
 I - a wand of mindburst (9)
 R - a wand of light (14)
Scrolls
 f - 3 scrolls of enchant weapon
 h - 3 scrolls of immolation
 k - 5 scrolls of poison
 m - 3 scrolls of amnesia
 n - 3 scrolls of vulnerability
 x - a scroll of brand weapon
 J - a scroll of summoning
 Z - a scroll of fog
Potions
 g - 2 potions of cancellation {unknown}
 o - 5 potions of curing
 t - a potion of haste
 v - 4 potions of ambrosia {unknown}
 w - 2 potions of lignification {unknown}
 z - 4 potions of berserk rage {unknown}
 D - a potion of flight {unknown}
 E - 2 potions of invisibility {unknown}
 G - a potion of experience {unknown}
 H - 3 potions of might {unknown}
 K - a potion of mutation {unknown}
 L - a potion of brilliance
 P - 2 potions of heal wounds
 Q - 3 potions of attraction {unknown}


   Skills:
 - Level 9.1 Fighting
 - Level 5.0 Armour
 - Level 0.8 Dodging
 - Level 0.8 Stealth
 + Level 9.4 Shields
 + Level 15.5 Unarmed Combat
 - Level 10.0 Evocations


You had 11 spell levels left.
You didn't know any spells.
Your spell library contained the following spells:

 Spells                   Type           Power      Damage    Failure   Level
 Apportation              Tloc           0%         N/A       100%        1
 Foxfire                  Conj/Fire      0%         2x1d4     100%        1
 Kiss of Death            Conj/Necr      0%         2d5       100%        1
 Magic Dart               Conj           0%         1d3       100%        1
 Necrotise                Necr           0%         1d4       100%        1
 Sandblast                Erth           0%         2d4       100%        1
 Summon Small Mammal      Summ           0%         N/A       100%        1
 Call Imp                 Summ           0%         N/A       100%        2
 Lesser Beckoning         Tloc           0%         N/A       100%        2
 Passwall                 Tmut/Erth      0%         N/A       100%        2
 Searing Ray              Conj           0%         2d4       100%        2
 Sublimation of Blood     Necr           0%         N/A       100%        2
 Confusing Touch          Hex            0%         N/A       100%        3
 Gell's Gravitas          Tloc           0%         N/A       100%        3
 Inner Flame              Hex/Fire       0%         N/A       100%        3
 Mephitic Cloud           Conj/Pois/Air  0%         N/A       100%        3
 Stone Arrow              Conj/Erth      0%         3d7       100%        3
 Teleport Other           Tloc           0%         N/A       100%        3
 Dispel Undead            Necr           0%         3d6       100%        4
 Fulminant Prism          Conj/Hex       0%         3d5       100%        4
 Petrify                  Tmut/Erth      0%         N/A       100%        4
 Alistair's Intoxication  Tmut/Pois      0%         N/A       100%        5
 Fireball                 Conj/Fire      0%         3d3       100%        5
 Irradiate                Conj/Tmut      0%         3d11      100%        5
 Yara's Violent Unravell  Hex/Tmut       0%         3d3       100%        5
 Plasma Beam              Fire/Air       0%         2x1d11    100%        6
 Simulacrum               Ice/Necr       0%         N/A       100%        6
 Starburst                Conj/Fire      0%         6d3       100%        6
 Enfeeble                 Hex            0%         N/A       100%        7
 Ozocubu's Refrigeration  Ice            0%         4d7       100%        7
 Polar Vortex             Ice            0%         N/A       100%        9


Dungeon Overview and Level Annotations

Branches:
Dungeon (10/15)            Temple (1/1) D:7            Lair (5/5) D:8
 Shoals (0/4) Lair:2        Snake (0/4) Lair:2        Slime (5/5) Lair:4
    Orc (0/2) D:10         Bailey (visited)

Altars:
Ashenzari
Cheibriados
Dithmenos
Fedhas
Gozag
Hepliaklqana
Kikubaaqudgha
Makhleb
Nemelex Xobeh
Okawaru
Qazlal
Ru
Sif Muna
Trog
Uskayaw
Vehumet
Wu Jian
Xom
Yredelemnul

Shops:
D:7 :(

Portals:
Abyss: D:8

Annotations:
D:7 Pikel
D:8 2 transporters, TheSexyCheese's ghost, novice OgFE
Lair:2 1 runed translucent door, Pokonic1's ghost, journeyman DsBe
Slime:3 Dissolution
Slime:5 Royal Jelly


Innate Abilities, Weirdness & Mutations

You have a pair of antennae on your head.
You regenerate a little health from kills.
You are partially covered in sharp spines.
You are mostly covered in razor-sharp scales. (AC +2, Slay +2)
Your body sometimes deteriorates upon taking damage.
Your magical capacity is low. (-10% MP)
You are vulnerable to cold. (rC-)


Message History

The Royal Jelly comes into view.
You block the slime creature's attack. The acid blob spits acid at you.
The splash of acid hits you! You resist. The slime creature closely misses you.
The slime creature attacks as you move away!
You block the slime creature's attack.
An acid blob comes into view.
A rockslime comes into view.
A quicksilver ooze comes into view.
The acid blob spits acid at you.
The splash of acid hits you but does no damage.
Two slime creatures merge to form a very large slime creature.
Okay, then.
Okay, then.
A slime creature comes into view.
Two slime creatures merge to form a large slime creature.
The slime creature is struck by your spines.
The slime creature hits you but does no damage.
You block the acid blob's attack. The acid blob attacks as you move away!
The acid blob hits you!!
* * * LOW HITPOINT WARNING * * *
Your body deteriorates!
You feel dopey. The acid corrodes you!
You are splashed with acid.
You resist.
* * * LOW HITPOINT WARNING * * *
Found a stone staircase leading up.
The acid blob spits acid at you. The splash of acid hits you! You resist.
* * * LOW HITPOINT WARNING * * *
Your body deteriorates!
You feel dopey. The acid blob attacks as you move away!
You block the acid blob's attack.
A large slime creature splits.
You block the slime creature's attack.
An acid blob comes into view.
The acid blob attacks as you move away! You block the acid blob's attack.
The slime creature is struck by your spines.
The slime creature hits you but does no damage.
Two slime creatures merge to form an enormous slime creature.
You punch the slime creature!
The slime creature is moderately wounded.
The acid blob spits acid at you. The splash of acid hits you! You resist.
You die...

..... ######..<..
#..#................
#...................
####...................
#......................
#####..................
##..#...J@J.........J.#
#.#...JJJ............#
##....JGJJJ.........#
#.....J.J...........#
##....GJ.J.........##
###.....J.J.......###
#......J..........##
##.......G.....J...G#
#.................J.#


You could see the Royal Jelly, 6 acid blobs, a great orb of eyes, an enormous
slime creature, 6 slime creatures, a rockslime, 2 shining eyes and 2 quicksilver
oozes.

Vanquished Creatures
  2 hydras
  A deep elf pyromancer (D:10)
  A manticore (Lair:2)
  A cyclops (D:10)
  A gargoyle (Bailey)
  A black mamba (Lair:1)
  2 komodo dragons
  9 cane toads
  A rime drake (Lair:3)
  An unseen horror (D:10)
  A troll (D:10)
  Prince Ribbit (D:7)
  A wind drake (Lair:2)
  11 blink frogs
  A vampire (Bailey)
  A shadow (D:10)
  2 wyverns
  3 wraiths
  A basilisk (Lair:1)
  2 steam dragons
  47 yaks
  Menkaure (D:5)
  3 wargs (D:8)
  An acid dragon (D:8)
  9 water moccasins
  A swamp drake (D:10)
  4 black bears
  5 orc warriors
  3 ogres
  15 wolves
  2 centaurs
  A lemure (D:6)
  A phantom (D:4)
  3 kobold brigands (D:8)
  7 bullfrogs
  A gnoll sergeant (D:6)
  3 scorpions
  A wight (D:7)
  A jelly (D:4)
  32 killer bees (Lair:2)
  8 vampire bats (Bailey)
  3 wolf zombies (Bailey)
  3 hounds
  6 orc priests
  A sleepcap (D:3)
  Ijyb (D:4)
  4 iguanas
  10 orc wizards
  12 gnolls
  4 adders
  4 white imps
  6 worms
  4 dart slugs
  40 orcs
  8 ball pythons
  5 endoplasms
  5 giant cockroaches
  7 goblins
  7 hobgoblins
  2 quokkas
  5 bats
  3 frilled lizards
  18 kobolds
  18 orc zombies (Bailey)
  4 rats
373 creatures vanquished.

Vanquished Creatures (collateral kills)
  A black bear (D:7)
  An orc wizard (D:7)
  4 gnolls (D:6)
  An orc (D:7)
7 creatures vanquished.

Vanquished Creatures (others)
  14 fungi
  15 plants
29 creatures vanquished.

Grand Total: 409 creatures vanquished

Notes
Turn   | Place    | Note
-------+----------+-------------------------------------------
     0 | D:1      | 2FriedEggs the Demonspawn Artificer began the quest for the
                  | Orb.
     0 | D:1      | Reached XP level 1. HP: 15/15 MP: 1/1
   302 | D:1      | Gained mutation: You have a pair of small antennae on your
                  | head. [demonic ancestry]
   302 | D:1      | Reached XP level 2. HP: 22/22 MP: 2/2
   541 | D:1      | Gained mutation: You are partially covered in razor-sharp
                  | scales. (AC +1, Slay +1) [demonic ancestry]
   541 | D:1      | Reached XP level 3. HP: 22/27 MP: 3/3
  1763 | D:3      | Gained mutation: You have a pair of antennae on your head.
                  | [demonic ancestry]
  1763 | D:3      | Reached XP level 4. HP: 34/34 MP: 4/4
  1856 | D:3      | Noticed an ogre
  1880 | D:3      | Killed an ogre
  1881 | D:3      | Reached skill level 5 in Evocations
  1881 | D:3      | Reached XP level 5. HP: 20/41 MP: 5/5
  2234 | D:3      | Found a sparkling altar of Nemelex Xobeh.
  2642 | D:4      | Noticed a phantom
  2643 | D:4      | Reached XP level 6. HP: 42/47 MP: 6/6
  2906 | D:4      | You fall into a shaft and drop 3 floors!
  2917 | D:7      | Found Zaecvel's Weapon Emporium.
  2920 | D:7      | Noticed an orc warrior
  2964 | D:7      | Killed an orc warrior
  3056 | D:7      | Found a shadowy altar of Dithmenos.
  3082 | D:7      | Found a staircase to the Ecumenical Temple.
  3091 | Temple   | Entered the Ecumenical Temple
  3239 | D:7      | Found Fumi's Book Boutique.
  3242 | D:7      | Noticed Prince Ribbit
  3259 | D:7      | Killed Prince Ribbit
  3260 | D:7      | Reached XP level 7. HP: 55/55 MP: 7/7
  3363 | D:7      | Identified the +3 plate armour of Xemanex {Dex+8}
  3458 | D:6      | Noticed a steam dragon
  3481 | D:7      | Reached skill level 5 in Fighting
  3495 | D:7      | Noticed Pikel
  3562 | D:6      | Reached XP level 8. HP: 36/63 MP: 8/8
  3753 | D:5      | Entered Level 5 of the Dungeon
  3939 | D:4      | Noticed a +0 hand axe
  3939 | D:4      | Noticed a +0 dagger
  3945 | D:4      | Found a hide-covered altar of Uskayaw.
  3979 | D:4      | Noticed Ijyb
  3985 | D:4      | Killed Ijyb
  4059 | D:4      | Found a hazy altar of Hepliaklqana.
  5136 | D:5      | Noticed Menkaure
  5139 | D:5      | Killed Menkaure
  5787 | D:5      | Found an opulent altar of Gozag.
  6211 | D:6      | Found a basalt altar of Yredelemnul.
  6214 | D:6      | Noticed a profane servitor
  6258 | D:6      | Reached skill level 1 in Unarmed Combat
  6322 | D:6      | Gained mutation: You regenerate a little health from kills.
                  | [demonic ancestry]
  6322 | D:6      | Reached XP level 9. HP: 62/71 MP: 9/9
  6533 | D:6      | Reached skill level 2 in Unarmed Combat
  6615 | D:6      | Reached skill level 10 in Evocations
  6774 | D:6      | Noticed an angel
  6833 | D:7      | Reached skill level 3 in Unarmed Combat
  7059 | D:7      | Reached skill level 4 in Unarmed Combat
  7932 | D:8      | Reached skill level 5 in Unarmed Combat
  8160 | D:8      | Found a staircase to the Lair.
  8344 | D:8      | Found a radiant altar of Vehumet.
  8413 | D:8      | Found a transporter.
  8424 | D:8      | Found a one-way gate to the infinite horrors of the Abyss.
  8424 | D:8      | Noticed TheSexyCheese's ghost (novice OgFE)
  8425 | D:8      | Found a transporter.
  8508 | D:8      | Reached skill level 6 in Unarmed Combat
  8953 | D:9      | Found an ancient bone altar of Kikubaaqudgha.
  9015 | D:8      | Reached XP level 10. HP: 6/81 MP: 10/10
  9315 | D:8      | Reached skill level 7 in Unarmed Combat
  9458 | D:9      | Reached skill level 5 in Armour
  9516 | D:9      | Found a flagged portal.
  9525 | Bailey   | Entered a bailey
  9694 | Bailey   | Noticed a gargoyle
  9695 | Bailey   | Killed a gargoyle
  9795 | Bailey   | Reached skill level 1 in Shields
  9930 | Bailey   | Reached skill level 8 in Unarmed Combat
 10098 | Bailey   | Found the +10 tower shield of Ignorance {rN+ Int-4}
 10171 | Bailey   | Identified the +1 pair of gloves of Buojegg {rF+ rN++}
 10183 | Bailey   | Identified the +0 leather armour of Patterns {Regen+ Str+4}
 11113 | D:9      | Found a sacrificial altar of Ru.
 11250 | D:9      | Reached skill level 9 in Unarmed Combat
 11314 | D:10     | Entered Level 10 of the Dungeon
 11331 | D:10     | Noticed a cyclops
 11346 | D:10     | Killed a cyclops
 11555 | D:10     | Reached skill level 10 in Unarmed Combat
 11780 | D:10     | Reached skill level 11 in Unarmed Combat
 11788 | D:10     | Gained mutation: You are mostly covered in razor-sharp
                  | scales. (AC +2, Slay +2) [demonic ancestry]
 11788 | D:10     | Reached XP level 11. HP: 76/89 MP: 11/11
 12634 | D:10     | Noticed a deep elf pyromancer
 12636 | D:10     | Killed a deep elf pyromancer
 12637 | D:10     | Reached skill level 12 in Unarmed Combat
 12692 | D:10     | Found a staircase to the Orcish Mines.
 12745 | D:10     | Reached skill level 5 in Shields
 13038 | Lair:1   | Entered Level 1 of the Lair of Beasts
 13053 | D:8      | Reached skill level 13 in Unarmed Combat
 14042 | Lair:1   | Reached skill level 14 in Unarmed Combat
 14479 | Lair:2   | Found a staircase to the Shoals.
 14491 | Lair:2   | Gained mutation: You are partially covered in sharp spines.
                  | [demonic ancestry]
 14491 | Lair:2   | Reached XP level 12. HP: 67/95 MP: 12/12
 14661 | Lair:2   | Noticed an eight-headed hydra
 14668 | Lair:2   | Killed an eight-headed hydra
 15287 | Lair:2   | Found a runed translucent door.
 15287 | Lair:2   | Found a shimmering altar of Xom.
 15287 | Lair:2   | Noticed Pokonic1's ghost (journeyman DsBe)
 15471 | Lair:2   | Found a staircase to the Snake Pit.
 15745 | Lair:2   | Reached skill level 15 in Unarmed Combat
 16003 | Lair:3   | You fall into a shaft and drop 2 floors!
 16003 | Lair:5   | Entered Level 5 of the Lair of Beasts
 16014 | Lair:5   | Noticed a death yak
 16017 | Lair:5   | Noticed a death yak
 16017 | Lair:5   | Noticed a death yak
 16116 | Lair:4   | Noticed a five-headed hydra
 16133 | Lair:4   | Killed a five-headed hydra
 16192 | Lair:4   | Found a staircase to the Slime Pits.
 16219 | Slime:1  | Entered Level 1 of the Pits of Slime
 16219 | Slime:1  | Noticed a quicksilver ooze
 16361 | Slime:3  | Noticed a rockslime
 16367 | Slime:3  | Noticed an acid blob
 16372 | Slime:3  | Noticed Dissolution
 16379 | Slime:5  | Entered Level 5 of the Pits of Slime
 16566 | Slime:5  | Noticed an acid blob
 16570 | Slime:5  | Noticed a rockslime
 16570 | Slime:5  | Noticed a quicksilver ooze
 16572 | Slime:5  | Noticed a rockslime
 16581 | Slime:5  | Noticed an acid blob
 16581 | Slime:5  | Gained mutation: You are vulnerable to cold. (rC-) [a
                  | shining eye]
 16584 | Slime:5  | Noticed a great orb of eyes
 16586 | Slime:5  | Noticed an acid blob
 16587 | Slime:5  | Noticed an acid blob
 16588 | Slime:5  | Noticed an acid blob
 16594 | Slime:5  | Gained mutation: Your body sometimes deteriorates upon
                  | taking damage. [a shining eye]
 16594 | Slime:5  | Gained mutation: Your magical capacity is low. (-10% MP) [a
                  | shining eye]
 16598 | Slime:5  | Noticed the Royal Jelly
 16601 | Slime:5  | Noticed an acid blob
 16601 | Slime:5  | Noticed a rockslime
 16601 | Slime:5  | Noticed a quicksilver ooze
 16603 | Slime:5  | HP: 4/95 [acid blob/splash of acid (14)]
 16604 | Slime:5  | Noticed an acid blob
 16606 | Slime:5  | Killed from afar by an acid blob

Illustrated notes

Levels and vault maps discovered:
D:1:      dpeg_arrival_morbid_curiosity, layout_basic, minmay_box_of_dots
D:2:      layout_basic, grunt_ministairs_8
D:3:      layout_rooms, jmf_multi_god_temple
D:4:      layout_basic, dancing_weapons_uskayaw, nzn_hepliaklqana_mist_gate,
          portal_sewer_entry_d, kennysheep_nondescript, uniq_ijyb
D:5:      layout_cave_pools, nicolae_gozag_cash_rules_everything_around_me,
          nicolae_concentric_dashed_squares_mild, grunt_ministairs_13,
          uniq_menkaure
D:6:      black_bear_nest_2, layout_loops_ring, grunt_temple_overflow_holy_war
D:7:      minmay_inner_zag, layout_basic, mainiacjoe_overflow_alcove_4,
          minmay_temple_entry_butterflies, serial_shops, shop,
          nicolae_shop_tiny_waterfront, david_defended_altar_orc,
          uniq_prince_ribbit1, uniq_pikel
D:8:      layout_rooms, kennysheep_little_box, erik_lair_orcish_takeover,
          gammafunk_ghost_abyssal_escape, grunt_ministairs_5,
          eino_small_chamber_without_monster
D:9:      layout_roguey, lemuel_doored_altar, mainiacjoe_overflow_catwalk,
          enter_bailey_8
D:10:     layout_basic, erik_orc_1, library_closet
Temple:   jpeg_temple_clearing
Lair:1:   layout_cave_pods, st_stairs_4, lemuel_fruit_fields
Lair:2:   wad_woods_minihive, layout_cave_pods, minmay_shoals_entry_beasts,
          ebering_ghost_xom, infiniplex_staircase_pool
Lair:3:   layout_roguey, beast_lair_carwin_4, grunt_megastairs_3
Lair:4:   layout_cave_pods, slime_entry_1, beast_lair_carwin_9,
          grunt_megastairs_5, uniq_nessos, uniq_sonja
Lair:5:   evilmike_catoblepas_cave, layout_regular_city, lemuel_fruit_tree
Slime:1:  layout_caves
Slime:2:  nicolae_slime_pool, layout_caves, basic_altar,
          cheibrodos_slime_lost_civilization_5
Slime:3:  layout_caves, uniq_dissolution
Slime:4:  layout_caves
Slime:5

Skill      XL: |  1  2  3  4  5  6  7  8  9 10 11 12 |
---------------+-------------------------------------+-----
Fighting       | 2 3 4 5 6 8 9 |  9.1
Evocations     | 4 5 7 8 9 10 | 10.0
Unarmed Combat | 1 6 11 14 15 | 15.5
Armour         | 2 4 5 |  5.0
Shields        | 3 6 9 |  9.4
Dodging        | |  0.8
Stealth        | |  0.8

Action                     |  1- 3 |  4- 6 |  7- 9 | 10-12 || total
---------------------------+-------+-------+-------+-------++-------
  Melee: Club              |    14 |       |       |       ||    14
         Mace              |    61 |       |       |       ||    61
         Punch             |     2 |       |     8 |     2 ||    12
         Quarterstaff      |    47 |    76 |    83 |       ||   206
         Trident           |       |       |   293 |   167 ||   460
         Short sword       |       |       |       |   237 ||   237
         Unarmed           |       |       |       |   625 ||   625
  Evoke: Wand              |     3 |    10 |     7 |    12 ||    32
    Use: Scroll            |       |     9 |     8 |    13 ||    30
         Potion            |       |     3 |     2 |     5 ||    10
   Stab: Distracted        |       |       |     1 |       ||     1
         Confused          |       |       |       |     1 ||     1
 Armour: Leather armour    |    12 |       |       |       ||    12
         Ring mail         |    49 |       |       |       ||    49
         Scale mail        |    16 |    33 |     2 |       ||    51
         Plate armour      |       |       |   345 |   490 ||   835
  Dodge: Dodged            |    75 |    44 |    92 |   160 ||   371
  Block: Tower shield      |       |       |       |  1262 ||  1262
         Kite shield       |       |       |       |   120 ||   120

Table legend: (Time is in decaauts)
 A = Elapsed time spent in this place.
 B = Non-inter-level travel time spent in this place.
 C = Inter-level travel time spent in this place.
 D = Time resting spent in this place.
 E = Time spent auto-exploring this place.
 F = Levels seen in this place.
 G = Mean time per level.
                   A        B        C        D        E       F      G
               +--------+--------+--------+--------+--------+-----+--------+
         Total |  17021 |  15627 |   1394 |   2385 |   8646 |  22 |  773.7 |
       Dungeon |  12504 |  11295 |   1209 |   1994 |   6264 |  10 | 1250.4 |
        Temple |    139 |    126 |     13 |      0 |    110 |   1 |  139.0 |
          Lair |   3337 |   3166 |    171 |    159 |   1947 |   5 |  667.4 |
    Slime Pits |    236 |    236 |      0 |    168 |      0 |   5 |   47.2 |
        Bailey |    803 |    803 |      0 |     64 |    324 |   1 |  803.0 |
               +--------+--------+--------+--------+--------+-----+--------+

Top non-repeatable levels by time:
     D:8: 1719 daAuts
    D:10: 1681 daAuts
  Lair:2: 1601 daAuts
     D:7: 1469 daAuts
     D:6: 1445 daAuts
  Lair:1: 1315 daAuts
     D:4: 1239 daAuts
     D:5: 1160 daAuts
     D:1: 971 daAuts
     D:9: 946 daAuts
     D:2: 940 daAuts
     D:3: 931 daAuts
  Bailey: 803 daAuts
  Lair:4: 285 daAuts
 Slime:5: 211 daAuts
